 Dungeon Crawl Stone Soup version 0.30.1-11-g7821555f0a (webtiles) character file.

Game seed: 11199221969831212981

11587 Enots the Severer (level 11, -4/99 HPs)
             Began as a Minotaur Berserker on Dec 3, 2023.
             Was a High Priest of Trog.
             Slain by a hog (10 damage)
             ... led by Kirke
             ... on level 11 of the Dungeon.
             The game lasted 00:30:08 (10191 turns).

Enots the Severer (Minotaur Berserker)             Turns: 10191, Time: 00:30:09

Health: -4/99      AC:  0    Str: 27    XL:     11   Next: 51%
Magic:  10/10      EV: 14    Int:  4    God:    Trog [*****.]
Gold:   969        SH:  0    Dex:  9    Spells: 10/10 levels left

rFire   . . .        J - melded +1 battleaxe
rCold   . . .        (shield currently unavailable)
rNeg    . . .        o - melded +2 plate armour
rPois   .            (helmet currently unavailable)
rElec   .            (cloak currently unavailable)
rCorr   .            E - melded +2 pair of gloves
SInv    .            u - melded +0 pair of boots of Lies {rPois rC+ Str+4}
Will    .....        (no amulet)
Stlth   +            c - melded ring of flight
HPRegen 0.36/turn    q - melded ring of ice
MPRegen 0.12/turn

%: no passive effects
@: pig-form, on berserk cooldown, slowed
A: fast, no casting, small, (horns 2), (retaliatory headbutt)
a: Renounce Religion, Berserk, Trog's Hand, Brothers in Arms


You were on level 11 of the Dungeon.
You worshipped Trog.
Trog was extremely pleased with you.
You were a filthy swine.
You visited 2 branches of the dungeon, and saw 13 of its levels.
You also visited: Ossuary.

You collected 969 gold pieces.

Inventory:

Hand Weapons
 a - a +0 hand axe
 r - a +0 war axe
 J - a +1 battleaxe (melded)
Armour
 o - a +2 plate armour (melded)
 u - the +0 pair of boots of Lies (melded) {rPois rC+ Str+4}
   (You acquired it in an ossuary)

   Str:       It affects your strength (+4).
   rC:        It protects you from cold.
   rPois:     It protects you from poison.
 E - a +2 pair of gloves (melded)
 K - a +0 tower shield of positive energy
Jewellery
 c - a ring of flight (melded)
 e - a ring of magical power
 p - a ring of positive energy
 q - a ring of ice (melded)
Wands
 i - a wand of iceblast (28)
 w - a wand of paralysis (10)
 F - a wand of polymorph (12)
 L - a wand of flame (12)
 Q - a wand of acid (3)
Scrolls
 b - a scroll of poison
 v - 3 scrolls of torment
 x - 5 scrolls of teleportation
 y - 2 scrolls of identify
 G - 2 scrolls of noise
 M - a scroll of magic mapping
Potions
 d - a potion of resistance
 f - 2 potions of ambrosia
 g - 9 potions of curing
 h - 4 potions of attraction
 j - 2 potions of lignification
 k - a potion of experience {unknown}
 l - 3 potions of degeneration
 m - a potion of magic {unknown}
 n - 3 potions of heal wounds
 s - 4 potions of invisibility
 t - 2 potions of mutation {unknown}
 z - 2 potions of haste {unknown}
 A - 3 potions of brilliance
 C - 4 potions of might
 D - a potion of cancellation {unknown}
 O - a potion of berserk rage {unknown}


   Skills:
 + Level 10.0 Fighting
 + Level 16.6 Axes
 + Level 10.8 Armour
 + Level 3.3 Dodging
 - Level 1.0 Stealth


You had 10 spell levels left.
You didn't know any spells.
Your spell library was empty.

Dungeon Overview and Level Annotations

Branches:
Dungeon (12/15)            Temple (0/1) D:6            Lair (0/5) D:9
    Orc (1/2) D:9         Ossuary (visited)

Altars:
Fedhas
Makhleb
Nemelex Xobeh
Xom
The Shining One

Shops:
D:6 !

Portals:
Trove: D:10 (give 13 potions of heal wounds)

Annotations:
D:7 exclusion: ice statue
D:12 Kirke


Innate Abilities, Weirdness & Mutations

You are a filthy swine.
You move quickly.
Your equipment is almost entirely melded.
You are incapable of wielding weapons or throwing items.
You cannot cast spells.
((You have a pair of horns on your head.))
((You reflexively headbutt those who attack you in melee.))


Message History

You are no longer berserk.
You are exhausted.
You feel as though you will be slow longer.
The hog attacks as you move away! The hog bites you! Something hits you!
Deactivating autopickup; reactivate with Ctrl-A.
Something bites you.
Something draws strength from your injuries!
The hog attacks as you move away! The hog completely misses you.
The hog misses you. Something hits you!
* * * LOW HITPOINT WARNING * * *
Something bites you!
* * * LOW HITPOINT WARNING * * *
Something draws strength from your injuries!
The hog barely misses you. The hog attacks as you move away! The hog bites you!
* * * LOW HITPOINT WARNING * * *
Something hits you.
* * * LOW HITPOINT WARNING * * *
Something bites you.
* * * LOW HITPOINT WARNING * * *
Something draws strength from your injuries!
The hog barely misses you. Something barely misses you. x2
You feel much better. The hog bites you!
* * * LOW HITPOINT WARNING * * *
Something hits you.
* * * LOW HITPOINT WARNING * * *
Something bites you.
* * * LOW HITPOINT WARNING * * *
Something draws strength from your injuries!
The hog bites you.
* * * LOW HITPOINT WARNING * * *
You feel much better. The hog closely misses you. Something hits you!
* * * LOW HITPOINT WARNING * * *
Something bites you!
* * * LOW HITPOINT WARNING * * *
Something draws strength from your injuries!
The hog bites you!
You die...

..............#....#...........#
.....#####....#....#...........#
.....# #....'....#...........#
.....# #....#....#....#####..#
####.# #....######....#...#..#
#.#####..............#...'..#
#....................#...#..##
#....................#...#...)
####............hh......#...#....
............###########.#...+....
............# #.#...#....
######......# #.#...#....
#....#......### #.#####....
#....#........# #..........
+....#........# #.........#
###'##.....)..# #######.........#
..........))..###...............#


You could see a hog.

Vanquished Creatures
  A boulder beetle (D:11)
  A two-headed ogre (D:9)
  Pikel (D:7)
  A cyclops (D:11)
  A gargoyle (D:11)
  A komodo dragon (D:9)
  2 trolls
  A wraith (D:11)
  A shadow (D:9)
  16 yaks
  A wyvern (D:9)
  Eustachio (D:6)
  5 hogs (D:12)
  2 steam dragons
  4 vampire mosquitoes (D:10)
  A water moccasin (D:5)
  Duvessa (D:6)
  3 ice beasts
  4 orc warriors
  3 sky beasts
  3 ogres
  A centaur (D:8)
  4 lemures (D:7)
  A phantom (D:4)
  2 kobold brigands
  Blork the orc (D:6)
  3 bullfrogs
  A gnoll sergeant (D:11)
  A scorpion (D:5)
  9 wights
  Dowan (D:6)
  8 killer bees
  A howler monkey (D:7)
  3 jellies
  2 gnoll boudas
  4 hounds
  6 orc priests
  16 orc wizards
  A sleepcap (D:8)
  Ijyb (D:3)
  8 mummies (Ossuary)
  15 gnolls
  7 adders
  2 shadow imps
  A white imp (D:4)
  A worm (D:4)
  2 dart slugs
  40 orcs
  9 endoplasms
  2 giant cockroaches
  2 gnoll zombies (Ossuary)
  3 hobgoblins
  13 jackals
  3 quokkas
  4 ball pythons
  2 bats
  6 frilled lizards
  6 goblins
  5 hobgoblin zombies (Ossuary)
  20 kobolds
  An orc zombie (Ossuary)
  7 rats
279 creatures vanquished.

Notes
Turn   | Place    | Note
-------+----------+-------------------------------------------
     0 | D:1      | Enots the Minotaur Berserker began the quest for the Orb.
     0 | D:1      | Reached XP level 1. HP: 19/19 MP: 0/0
   295 | D:1      | Reached skill level 4 in Axes
   427 | D:1      | Reached XP level 2. HP: 25/27 MP: 1/1
   921 | D:2      | Reached XP level 3. HP: 33/33 MP: 2/2
   959 | D:2      | Reached ** piety under Trog
  1055 | D:2      | Found a faded altar of an unknown god.
  1180 | D:2      | Reached XP level 4. HP: 9/41 MP: 3/3
  1357 | D:2      | Identified the +1 ring mail of Philately {Rampage *Slow
                  | rCorr Str+3}
  1614 | D:3      | Reached skill level 5 in Axes
  1929 | D:3      | Reached *** piety under Trog
  1930 | D:3      | Reached XP level 5. HP: 47/47 MP: 4/4
  1973 | D:3      | Noticed Ijyb
  1978 | D:3      | Paralysed by Ijyb for 5 turns
  1990 | D:3      | Killed Ijyb
  2207 | D:4      | Reached skill level 6 in Axes
  2304 | D:4      | Reached XP level 6. HP: 49/53 MP: 5/5
  2422 | D:4      | Found a sand-covered staircase.
  2427 | Ossuary  | Entered an ossuary
  2581 | Ossuary  | Reached skill level 7 in Axes
  2725 | Ossuary  | Identified a scroll of acquirement
  2725 | Ossuary  | Acquired the +0 pair of boots of Lies {rPois rC+ Str+4}
  3131 | D:5      | Entered Level 5 of the Dungeon
  3159 | D:5      | Reached skill level 8 in Axes
  3159 | D:5      | Reached XP level 7. HP: 60/60 MP: 6/6
  3199 | D:5      | Reached skill level 5 in Fighting
  3330 | D:5      | Reached **** piety under Trog
  3331 | D:5      | Reached skill level 9 in Axes
  3626 | D:5      | Reached skill level 5 in Armour
  3850 | D:6      | Reached XP level 8. HP: 69/69 MP: 7/7
  3927 | D:6      | Found a staircase to the Ecumenical Temple.
  4009 | D:6      | Reached skill level 10 in Axes
  4030 | D:6      | Found Leheac's Distillery.
  4147 | D:6      | Noticed Blork the orc
  4153 | D:6      | Killed Blork the orc
  4215 | D:6      | Noticed Dowan
  4216 | D:6      | Noticed Duvessa
  4223 | D:6      | Killed Dowan
  4228 | D:6      | Killed Duvessa
  4368 | D:6      | Noticed Eustachio
  4383 | D:6      | Killed Eustachio
  4563 | D:7      | Reached skill level 11 in Axes
  4798 | D:7      | Reached XP level 9. HP: 46/75 MP: 8/8
  5212 | D:7      | Found a sparkling altar of Nemelex Xobeh.
  5317 | D:7      | Noticed Pikel
  5324 | D:7      | Killed Pikel
  5325 | D:7      | Reached skill level 12 in Axes
  5325 | D:7      | Reached skill level 1 in Stealth
  5392 | D:7      | Found a blossoming altar of Fedhas.
  5420 | D:7      | Noticed an ice statue
  5777 | D:8      | Reached skill level 13 in Axes
  5921 | D:8      | Reached ***** piety under Trog
  6104 | D:8      | Reached XP level 10. HP: 74/86 MP: 9/9
  6553 | D:8      | Reached skill level 14 in Axes
  7022 | D:9      | Found a staircase to the Lair.
  7401 | D:9      | Found a shimmering altar of Xom.
  7443 | D:9      | Found a glowing golden altar of the Shining One.
  7452 | D:9      | Found a burning altar of Makhleb.
  7627 | D:9      | Noticed a two-headed ogre
  7636 | D:9      | Killed a two-headed ogre
  7637 | D:9      | Reached skill level 15 in Axes
  8206 | D:9      | Found a staircase to the Orcish Mines.
  8219 | Orc:1    | Entered Level 1 of the Orcish Mines
  8219 | Orc:1    | Noticed an orc high priest
  8219 | Orc:1    | Noticed an orc sorcerer
  8219 | Orc:1    | Noticed an orc sorcerer
  8219 | Orc:1    | Noticed an orc knight
  8329 | D:10     | Entered Level 10 of the Dungeon
  8363 | D:10     | Reached skill level 10 in Armour
  8519 | D:10     | Found a portal to a secret trove of treasure.
  8664 | D:10     | Reached XP level 11. HP: 81/97 MP: 10/10
  9288 | D:11     | Received a gift from Trog
  9559 | D:11     | Reached skill level 16 in Axes
  9737 | D:11     | Identified the +8 mace of Soferrun {spect, rF+}
  9884 | D:11     | Noticed a boulder beetle
  9909 | D:11     | Killed a boulder beetle
 10164 | D:12     | Noticed Kirke
 10172 | D:12     | Reached skill level 10 in Fighting
 10189 | D:11     | HP: 1/99 [something (4)]
 10191 | D:11     | Slain by a hog

Illustrated notes

Levels and vault maps discovered:
D:1:      lightli_arrival_statue_moat, layout_loops_cross,
          wad_floor_pattern_untrapped, chequers_decorated_corner
D:2:      layout_rooms, serial_corexii_hall, chequers_hall_statues_corner_a,
          chequers_hall_statues_corner_a,
          shapermc_ecumenical_altar_starsandcircs
D:3:      layout_basic, uniq_ijyb
D:4:      layout_rooms, nicolae_ossuary_entry_plus, kennysheep_generic_room_16
D:5:      layout_rooms, corexii_item_surrounded_by_moat
D:6:      layout_gridville, minmay_temple_entry_junction, serial_shops,
          nicolae_shop_tiny_real_fake_doors, uniq_duvessa, uniq_eustachio,
          uniq_blork_the_orc
D:7:      lemuel_ice_statue, layout_basic, overflow_temple_1_default,
          mainiacjoe_overflow_concentric_impassable, uniq_pikel
D:8:      layout_basic, dreamdust_gnoll_shepherd
D:9:      layout_rooms, tgw_xom, mainiacjoe_overflow_catch_the_wave,
          david_lair_shrubbed, orc_0_dummy, kennysheep_generic_room_3
D:10:     layout_roguey, nicolae_trove_entry_isolated
D:11:     layout_irregular_city
D:12:     layout_roguey, uniq_urug, uniq_psyche, uniq_kirke
Orc:1:    layout_caves, hangedman_feature_mirror, nicolae_shop_gadgets

Skill      XL: |  1  2  3  4  5  6  7  8  9 10 11 |
---------------+----------------------------------+-----
Axes           | 4 5 6 8 9 11 13 15 16 | 16.6
Fighting       | 4 5 6 7 9 10 | 10.0
Armour         | 3 4 5 7 8 10 | 10.8
Dodging        | 3 |  3.3
Stealth        | 1 |  1.0

Action                     |  1- 3 |  4- 6 |  7- 9 | 10-12 || total
---------------------------+-------+-------+-------+-------++-------
  Melee: Hand axe          |    79 |    29 |       |       ||   108
         Headbutt          |     8 |    22 |    40 |    57 ||   127
         War axe           |       |   108 |   213 |    52 ||   373
         Punch             |       |     4 |     2 |     1 ||     7
         Battleaxe         |       |       |       |   216 ||   216
         Unarmed           |       |       |       |     4 ||     4
 Invoke: Berserk           |     1 |     1 |     1 |     2 ||     5
    Use: Scroll            |     4 |     9 |       |    12 ||    25
         Potion            |       |     1 |       |     2 ||     3
 Armour: Leather armour    |     6 |       |       |       ||     6
         Ring mail         |    17 |       |       |       ||    17
         Plate armour      |    15 |    79 |   127 |   182 ||   403
         Skin              |     2 |       |       |       ||     2
  Dodge: Dodged            |    42 |    48 |    80 |   126 ||   296
